 Dungeon Crawl Stone Soup version 0.29.1-15-g9cfb28693d (webtiles) character file.

Game seed: 4709307844330031878

48 Ast3rio the Chopper (level 3, -4/33 HPs)
             Began as a Minotaur Berserker on Mar 14, 2023.
             Was a Believer of Trog.
             Slain by a phantom (5 damage)
             ... on level 4 of the Dungeon.
             The game lasted 00:02:13 (2528 turns).

Ast3rio the Chopper (Minotaur Berserker)            Turns: 2528, Time: 00:02:14

Health: -4/33      AC:  2    Str: 23    XL:     3   Next: 50%
Magic:  2/2        EV: 12    Int:  4    God:    Trog [**....]
Gold:   95         SH:  0    Dex:  9    Spells: 2/2 levels left

rFire   . . .      SeeInvis .   a - +0 hand axe
rCold   . . .      Faith    .   (no shield)
rNeg    . . .      Spirit   .   b - +0 animal skin
rPois   .          Reflect  .   (helmet restricted)
rElec   .          Harm     .   (no cloak)
rCorr   .          Rampage  .   (no gloves)
Will    .....                   (no boots)
Stlth   +.........              (no amulet)
HPRegen 0.11/turn               (no ring)
MPRegen 0.08/turn               (no ring)

@: no status effects
A: horns 2, retaliatory headbutt
a: Renounce Religion, Berserk, Trog's Hand


You were on level 4 of the Dungeon.
You worshipped Trog.
Trog was pleased with you.
You visited 1 branch of the dungeon, and saw 4 of its levels.

You collected 95 gold pieces.

Inventory:

Hand Weapons
 a - a +0 hand axe (weapon)
Armour
 b - a +0 animal skin (worn)
Jewellery
 e - an amulet of faith
Scrolls
 d - a scroll of vulnerability {unknown}
 i - a scroll of identify {unknown}
 j - a scroll of fog {unknown}
Potions
 c - 2 potions of heal wounds {unknown}
 f - a potion of flight {unknown}
 g - a potion of mutation {unknown}
 h - a potion of might {unknown}
 k - 2 potions of haste {unknown}


   Skills:
 + Level 4.2 Fighting
 + Level 4.2 Axes
 + Level 3.1 Armour
 + Level 2.9 Dodging


You had 2 spell levels left.
You didn't know any spells.
Your spell library was empty.

Dungeon Overview and Level Annotations

Branches:
Dungeon (4/15)
 Temple: D:4-7

Altars:
Cheibriados

Portals:
Sewer: D:3


Innate Abilities, Weirdness & Mutations

You have a pair of horns on your head.
You reflexively headbutt those who attack you in melee.


Message History

The phantom is heavily damaged.
The phantom closely misses you.
You hit the phantom.
You headbutt the phantom, but do no damage.
The phantom is heavily damaged.
The phantom hits you but does no damage.
You miss the phantom. Your headbutt misses the phantom.
The phantom is heavily damaged.
The phantom misses you.
You hit the phantom.
The phantom is severely damaged.
The phantom barely misses you. The phantom closely misses you.
You barely miss the phantom.
The phantom is severely damaged.
The phantom barely misses you.
You hit the phantom. Your headbutt misses the phantom.
Your punch misses the phantom.
The phantom is severely damaged.
The phantom misses you.
You hit the phantom. Your headbutt misses the phantom.
The phantom is severely damaged.
The phantom barely misses you.
You closely miss the phantom.
The phantom is severely damaged.
The phantom hits you.
You completely miss the phantom. You headbutt the phantom!
The phantom is almost destroyed.
The phantom hits you.
The phantom blinks!
You blink.
A hobgoblin comes into view.
The hobgoblin shouts!
You hear a shout!
The phantom hits you.
* * * LOW HITPOINT WARNING * * *
The phantom blinks!
You blink.
The phantom hits you.
* * * LOW HITPOINT WARNING * * *
The phantom blinks!
You blink.
You barely miss the phantom.
The phantom is almost destroyed.
The phantom hits you.
You die...

#. #......# #..# #. #......#
#..# # #.##......# #..# #.
#.##......# #..#
#.###.##......###..#
#.g.#.##.......##..#
.###............##..#
.........@W.....##..######
#####...........##........
#.....§..#####.#.........
#.##...?§# #.#.........
#.##.....#####.#.........
#.##................>....
#.....#######.####...........
####### .# #..######### ..
....#


You could see a phantom and a hobgoblin.

Vanquished Creatures
  7 endoplasms
  5 goblins
  4 hobgoblins
  6 jackals (D:1)
  8 ball pythons
  5 bats
  A frilled lizard (D:1)
  6 kobolds
42 creatures vanquished.

Notes
Turn   | Place    | Note
-------+----------+-------------------------------------------
     0 | D:1      | Ast3rio the Minotaur Berserker began the quest for the Orb.
     0 | D:1      | Reached XP level 1. HP: 19/19 MP: 0/0
   170 | D:1      | Reached XP level 2. HP: 11/27 MP: 1/1
   775 | D:1      | Found a faded altar of an unknown god.
  1314 | D:1      | Reached XP level 3. HP: 33/33 MP: 2/2
  1442 | D:2      | Reached ** piety under Trog
  1732 | D:2      | Found a snail-covered altar of Cheibriados.
  2228 | D:3      | Identified the +1 ring mail of Pride {Int+6 Dex+3}
  2242 | D:3      | Found a glowing drain.
  2243 | D:3      | You fall into a shaft and drop 1 floor!
  2507 | D:4      | Noticed a phantom
  2527 | D:4      | HP: 1/33 [phantom (3)]
  2528 | D:4      | Slain by a phantom

Illustrated notes

Levels and vault maps discovered:
D:1:      mushboom_english_gardens, layout_loops_corners,
          dreamdust_ecumenical_altar_angels_and_demons
D:2:      layout_basic, basic_altar
D:3:      layout_loops_ring, lemuel_tele_altar, gup_sewer_entry_glass,
          serial_shops, shop
D:4:      layout_basic, gammafunk_ghost_arena, uniq_pikel

Skill      XL: |  1  2 |
---------------+-------+-----
Fighting       | 4 |  4.2
Axes           | 4 |  4.2
Armour         | 3 |  3.1
Dodging        | |  2.9

Action                   || total
-------------------------++-------
Melee: Hand axe          ||   108
       Headbutt          ||    16
 Stab: Sleeping          ||     1
Armor: Animal skin       ||    18
Dodge: Dodged            ||    73
